[Event "VIII Lorca Open-A 2019"]
[Site "Lorca"]
[Date "2019.12.30"]
[Round "8.5"]
[White "Sadzikowski, Daniel"]
[Black "Lopez Martinez, Josep Manuel"]
[Result "1/2-1/2"]
[ECO "E11"]
[WhiteElo "2504"]
[BlackElo "2561"]
[Annotator "ChessBase"]
[PlyCount "138"]
[EventDate "2019.12.26"]
[EventType "swiss"]
[EventCountry "ESP"]
[SourceTitle "playchess.com"]
[Source "ChessBase"]
[SourceQuality "1"]
[TimeControl "5400+30"]

1. d4 e6 2. c4 Bb4+ 3. Bd2 a5 4. Nf3 Nf6 5. Nc3 O-O 6. e3 d5 7. Rc1 Nbd7 8. Be2 c6 9. O-O Qe7 10. a3 dxc4 11. Bxc4 Bd6 12. Qc2 e5 13. h3 exd4 14. exd4 Nb6 15. Rfe1 Qd8 16. Ba2 Nfd5 17. Bg5 f6 18. Bb1 g6 19. Bh6 Rf7 20. Ne4 Bf8 21. Bxf8 Qxf8 22. Nc5 Bf5 23. Qd2 Bxb1 24. Rxb1 Nc4 25. Qc2 Nd6 26. Qd2 Re7 27. Rxe7 Qxe7 28. Re1 Qf7 29. Nh2 Nf5 30. Ng4 b6 31. Ne4 Kg7 32. Ng3 Nxg3 33. fxg3 Re8 34. Kf2 Rxe1 35. Qxe1 Qd7 36. Qe4 Qe7 37. Qxe7+ Nxe7 38. Ne3 Kf7 39. Nc4 Nd5 40. g4 Ke6 41. Kf3 a4 42. Ke4 b5 43. Ne3 Nb6 44. Kd3 Kd6 45. Kc3 Na8 46. Kd3 Nc7 47. Kc3 Ne6 48. Kd3 c5 49. dxc5+ Kxc5 50. Kc3 Nf4 51. b4+ axb3 52. Kxb3 Kd4 53. Nc2+ Kd3 54. Nb4+ Ke4 55. Na2 Nxg2 56. Nc3+ Kd3 57. Nxb5 f5 58. gxf5 gxf5 59. a4 f4 60. a5 f3 61. a6 f2 62. a7 f1=Q 63. a8=Q Qb1+ 64. Ka4 Qc2+ 65. Ka3 Qc5+ 66. Ka4 Qc4+ 67. Ka3 Ne3 68. Qd8+ Kc2 69. Qc7 Qxc7 1/2-1/2

[Event "VIII Lorca Open-A 2019"]
[Site "Lorca"]
[Date "2019.12.30"]
[Round "8.6"]
[White "Sivuk, Vitaly"]
[Black "Bobadilla Viera, Jorge Samuel"]
[Result "1/2-1/2"]
[ECO "E55"]
[WhiteElo "2588"]
[BlackElo "2339"]
[Annotator "ChessBase"]
[PlyCount "174"]
[EventDate "2019.12.26"]
[EventType "swiss"]
[EventCountry "ESP"]
[SourceTitle "playchess.com"]
[Source "ChessBase"]
[SourceQuality "1"]
[TimeControl "5400+30"]

1. d4 Nf6 2. c4 e6 3. Nc3 Bb4 4. Nf3 c5 5. e3 O-O 6. Bd3 d5 7. O-O dxc4 8. Bxc4 Nbd7 9. a3 cxd4 10. axb4 dxc3 11. bxc3 Qc7 12. Bd3 Qxc3 13. Ba3 Ne5 14. Nxe5 Qxe5 15. b5 Re8 16. Qc2 Ng4 17. g3 Qh5 18. h4 e5 19. Bc5 e4 20. Bxe4 Rxe4 21. Qxe4 Qxc5 22. Rfc1 Qf8 23. Rc7 Nf6 24. Qe5 a5 25. bxa6 bxa6 26. Qd4 Be6 27. Ra7 Rd8 28. Qa4 Bc8 29. Rd1 Re8 30. Qc6 h5 31. Qd6 Qxd6 32. Rxd6 Kf8 33. Rc7 a5 34. Ra7 Be6 35. Rxa5 Rc8 36. Rd1 g6 37. f3 Rc3 38. Re1 Rc2 39. Rf1 Nd5 40. Ra3 Re2 41. e4 Ne3 42. Rf2 Re1+ 43. Kh2 Kg7 44. Ra5 Kf6 45. Rc5 Ke7 46. Ra5 Kd6 47. Rd2+ Kc6 48. Rf2 Kb6 49. Rg5 Nc4 50. Kg2 Kc6 51. Rc2 Kd6 52. Kf2 Rh1 53. Rc3 Rh2+ 54. Kg1 Rb2 55. Rd3+ Ke7 56. Rc5 Kf6 57. Rc3 Nd2 58. Ra5 Nc4 59. Ra1 Ne5 60. Rf1 Bh3 61. Rf2 Rb1+ 62. Kh2 Be6 63. Kg2 Nc4 64. Rfc2 Ne5 65. Rc1 Rb4 66. R1c2 Rd4 67. Re3 Rd1 68. Rec3 Nd3 69. Re2 Ke5 70. Ra3 Kd4 71. Ra8 Bc4 72. Kh2 Rc1 73. Rd8+ Kc3 74. Rc8 Ne5 75. Rf2 Kd4 76. Ra8 Ke3 77. Kg2 Rc3 78. g4 Nd3 79. gxh5 Nxf2 80. h6 Nd3 81. h7 Kf4 82. h8=Q Rc2+ 83. Kg1 Rc1+ 84. Kg2 Rc2+ 85. Kg1 Kg3 86. Qb8+ Nf4 87. Ra1 Rg2+ 1/2-1/2

[Event "VIII Lorca Open-A 2019"]
[Site "Lorca"]
[Date "2019.12.30"]
[Round "8.7"]
[White "Pogorelov, Ruslan"]
[Black "Maiorov, Nikita"]
[Result "1/2-1/2"]
[ECO "E17"]
[WhiteElo "2377"]
[BlackElo "2523"]
[Annotator "ChessBase"]
[PlyCount "123"]
[EventDate "2019.12.26"]
[EventType "swiss"]
[EventCountry "ESP"]
[SourceTitle "playchess.com"]
[Source "ChessBase"]
[SourceQuality "1"]
[TimeControl "5400+30"]

1. Nf3 Nf6 2. c4 b6 3. g3 Bb7 4. Bg2 e6 5. O-O Be7 6. Nc3 O-O 7. Re1 d5 8. cxd5 exd5 9. d4 Nbd7 10. Bf4 Ne4 11. Qc2 Nxc3 12. bxc3 c5 13. Ne5 Nf6 14. dxc5 Bxc5 15. Nd3 Bd6 16. Rad1 Rc8 17. Qb3 Qe7 18. Bxd6 Qxd6 19. Nf4 Qe5 20. Rd3 Ne4 21. Nxd5 Bxd5 22. Qxd5 Qxd5 23. Rxd5 Nxc3 24. Rd7 a5 25. Bd5 b5 26. e4 b4 27. Re3 a4 28. Rb7 Nxd5 29. exd5 Rb8 30. Ree7 b3 31. axb3 axb3 32. Rxf7 Rxb7 33. Rxb7 Rd8 34. Rxb3 Rxd5 35. Kg2 h6 36. Rb6 Kh7 37. Re6 Ra5 38. Kf3 Rf5+ 39. Ke3 Ra5 40. f3 Rb5 41. h4 Rb3+ 42. Kf4 Rb4+ 43. Re4 Rb5 44. Re5 Rb4+ 45. Kf5 Rb3 46. Kg4 Rb4+ 47. f4 Kg6 48. h5+ Kf7 49. Kf5 Rb7 50. Rc5 Ra7 51. g4 Rb7 52. Ke5 Re7+ 53. Kd4 Re1 54. Rc7+ Kf6 55. Rc6+ Kf7 56. g5 hxg5 57. fxg5 Rh1 58. Ke4 Rxh5 59. Kf5 g6+ 60. Rxg6 Rh1 61. Rf6+ Kg7 62. Rg6+ 1/2-1/2

[Event "VIII Lorca Open-A 2019"]
[Site "Lorca"]
[Date "2019.12.30"]
[Round "8.8"]
[White "Sosa, Tomas"]
[Black "Ajay Karthikeyan"]
[Result "1-0"]
[ECO "B36"]
[WhiteElo "2520"]
[BlackElo "2203"]
[Annotator "ChessBase"]
[PlyCount "133"]
[EventDate "2019.12.26"]
[EventType "swiss"]
[EventCountry "ESP"]
[SourceTitle "playchess.com"]
[Source "ChessBase"]
[SourceQuality "1"]
[TimeControl "5400+30"]

1. e4 c5 2. Nf3 g6 3. d4 cxd4 4. Nxd4 Nc6 5. c4 Nf6 6. Nc3 d6 7. Be2 Nxd4 8. Qxd4 Bg7 9. Bg5 O-O 10. Qd2 a5 11. O-O a4 12. Rfd1 Qa5 13. Bxf6 Bxf6 14. Nd5 Kg7 15. Nxf6 Qxd2 16. Nh5+ gxh5 17. Rxd2 Be6 18. Rb1 Ra5 19. f3 h4 20. Kf2 Rc8 21. b3 axb3 22. axb3 Ra3 23. h3 Rc6 24. Bd3 h6 25. Ke3 Kf6 26. f4 Rc8 27. Kd4 Rg8 28. e5+ dxe5+ 29. fxe5+ Kg5 30. Rf2 Rd8+ 31. Kc3 Rxd3+ 32. Kxd3 Bf5+ 33. Rxf5+ Kxf5 34. Kd4 Ra2 35. Kc5 Ra6 36. Kd5 Ra5+ 37. c5 Ra2 38. Rf1+ Kg6 39. Rf4 Rxg2 40. Rxh4 Kg5 41. Rg4+ Rxg4 42. hxg4 Kxg4 43. b4 h5 44. b5 h4 45. c6 bxc6+ 46. bxc6 h3 47. c7 h2 48. c8=Q+ e6+ 49. Kd6 h1=Q 50. Qg8+ Kf4 51. Qxf7+ Ke3 52. Qxe6 Qh8 53. Qb3+ Ke4 54. Qb7+ Kf4 55. Qf7+ Kg5 56. Qe7+ Kf5 57. Qd7+ Kg5 58. Qe7+ Kf5 59. Qd7+ Kg5 60. e6 Qd4+ 61. Kc6 Qc4+ 62. Kb7 Kf6 63. Qd8+ Kg6 64. Qe8+ Kg7 65. Qf7+ Kh8 66. Qf6+ Kg8 67. Qd8+ 1-0

[Event "VIII Lorca Open-A 2019"]
[Site "Lorca"]
[Date "2019.12.30"]
[Round "8.9"]
[White "Raja Harshit"]
[Black "Low, Zhen Yu Cyrus"]
[Result "0-1"]
[ECO "B11"]
[WhiteElo "2447"]
[BlackElo "2420"]
[Annotator "NA"]
[PlyCount "142"]
[EventDate "2019.12.26"]
[EventType "swiss"]
[EventCountry "ESP"]
[SourceTitle "playchess.com"]
[Source "ChessBase"]
[SourceQuality "1"]
[TimeControl "5400+30"]

1. e4 c6 2. Nc3 d5 3. Nf3 dxe4 4. Nxe4 Nf6 5. Qe2 Na6 (5... Qd5 6. Nc3 Qh5 7. Qe5 Qxe5+ 8. Nxe5 Bf5 9. Bc4 e6 10. d3 Nbd7 11. Nxd7 Nxd7 12. O-O Be7 13. a4 {0-1 (51) Harikrishna,P (2729)-Karjakin,S (2753) Kolkata 2018}) 6. Nxf6+ {[%emt 0:06:44] B11: Caro-Kann: Two Knights Variation} gxf6 7. d4 Qd5 8. c3 Bg4 9. h3 Bxf3 10. gxf3 $146 ({Predecessor:} 10. Qxf3 Qxf3 11. gxf3 Nc7 12. Bf4 Nd5 13. Be3 {0-1 (34) Holtman,T (2234)-Jablonicky,M (2330) Lvov 2018}) 10... e6 11. Qe4 Nc7 12. Qf4 Qd8 13. Rg1 Nd5 14. Qe4 Qd7 15. Bd2 O-O-O 16. O-O-O f5 17. Qh4 Be7 18. Qh5 Nf6 19. Qh6 Rhg8 20. Bc4 Rg6 21. Qe3 Nd5 22. Qe2 $15 Qd6 23. Bb3 Bh4 24. Rxg6 hxg6 25. c4 Nf4 26. Qe3 Nxh3 27. d5 Bxf2 28. Qh6 Ng1 29. Bg5 Re8 30. Qh7 Nxf3 31. Qxf7 Qf8 32. Qxg6 Nxg5 33. Qxg5 exd5 34. Kb1 Be3 35. Qg6 d4 36. c5 Kb8 37. Bf7 Re5 38. Rh1 Rxc5 39. Qf6 a5 40. b4 Rc1+ 41. Rxc1 Qxb4+ 42. Bb3 Bxc1 43. Kxc1 a4 44. Bc2 Qa3+ 45. Kb1 Qb4+ 46. Kc1 Qe1+ 47. Kb2 Qc3+ 48. Kc1 Qe3+ 49. Kb1 Qc3 50. Kc1 a3 51. Qxf5 Qe1+ 52. Bd1 Qe3+ 53. Kb1 Qc3 54. Qc2 Qe1 55. Kc1 Kc7 56. Qd3 Qb4 57. Qg3+ Kb6 58. Bb3 Qc5+ 59. Kd1 Qf5 60. Qd6 Qd3+ 61. Kc1 Qc3+ 62. Kd1 Qd3+ 63. Kc1 Qf1+ 64. Kd2 Qf2+ 65. Kd1 Qf3+ 66. Kc1 Qe3+ 67. Kd1 d3 68. Qd8+ Kb5 69. Ba4+ Kb4 70. Qf8+ c5 71. Qe8 Qe2+ 0-1

[Event "VIII Lorca Open-A 2019"]
[Site "Lorca"]
[Date "2019.12.30"]
[Round "8.10"]
[White "Plaskett, H James"]
[Black "Plazuelo Pascual, Juan"]
[Result "1/2-1/2"]
[ECO "A50"]
[WhiteElo "2419"]
[BlackElo "2433"]
[Annotator "ChessBase"]
[PlyCount "45"]
[EventDate "2019.12.26"]
[EventType "swiss"]
[EventCountry "ESP"]
[SourceTitle "playchess.com"]
[Source "ChessBase"]
[SourceQuality "1"]
[TimeControl "5400+30"]

1. c4 b6 2. d4 Nf6 3. f3 Nc6 4. Nc3 e5 5. d5 Ne7 6. e4 Ng6 7. Nge2 Bc5 8. a3 a5 9. g3 O-O 10. Na4 Ne8 11. Nxc5 bxc5 12. Nc3 d6 13. Bd3 f5 14. exf5 Bxf5 15. Ne4 h6 16. O-O Qd7 17. Qc2 Ne7 18. Rf2 Bh3 19. g4 h5 20. Ng5 hxg4 21. Bh7+ Kh8 22. Bg8 e4 23. Be6 1/2-1/2

[Event "VIII Lorca Open-A 2019"]
[Site "Lorca"]
[Date "2019.12.30"]
[Round "8.11"]
[White "Rodriguez Melendez, Juan Humbert"]
[Black "Holm, Kristian Stuvik"]
[Result "0-1"]
[ECO "B48"]
[WhiteElo "2242"]
[BlackElo "2489"]
[Annotator "ChessBase"]
[PlyCount "86"]
[EventDate "2019.12.26"]
[EventType "swiss"]
[EventCountry "ESP"]
[SourceTitle "playchess.com"]
[Source "ChessBase"]
[SourceQuality "1"]
[TimeControl "5400+30"]

1. e4 c5 2. Nf3 Nc6 3. d4 cxd4 4. Nxd4 e6 5. Nc3 Qc7 6. Be3 a6 7. a3 Nf6 8. Be2 Be7 9. O-O O-O 10. f4 d6 11. Kh1 Bd7 12. Qe1 Nxd4 13. Bxd4 Bc6 14. Bd3 g6 15. e5 Nd7 16. Ne4 dxe5 17. fxe5 Nxe5 18. Nf6+ Bxf6 19. Rxf6 Nxd3 20. cxd3 Qd6 21. Qf2 Rfd8 22. Bc3 Rd7 23. Rf1 Qd5 24. Qg3 Rf8 25. R1f2 e5 26. Bxe5 Qxd3 27. h3 Qxg3 28. Bxg3 Re8 29. Kh2 Re4 30. Bd6 Re6 31. Bb4 Rxf6 32. Rxf6 Rd3 33. Rd6 Re3 34. Bc3 f5 35. Kg1 f4 36. Rf6 g5 37. h4 Rg3 38. hxg5 f3 39. Rf5 Rxg2+ 40. Kf1 Bb5+ 41. Ke1 Re2+ 42. Kd1 Ba4+ 43. Kc1 f2 0-1

[Event "VIII Lorca Open-A 2019"]
[Site "Lorca"]
[Date "2019.12.30"]
[Round "8.12"]
[White "Gascon Del Nogal, Jose Rafael"]
[Black "Garcia Romero, Benjamin Abel"]
[Result "1-0"]
[ECO "A00"]
[WhiteElo "2475"]
[BlackElo "2231"]
[Annotator "ChessBase"]
[PlyCount "47"]
[EventDate "2019.12.26"]
[EventType "swiss"]
[EventCountry "ESP"]
[SourceTitle "playchess.com"]
[Source "ChessBase"]
[SourceQuality "1"]
[TimeControl "5400+30"]

1. e3 g6 2. h4 Nf6 3. g4 h6 4. Qf3 Nc6 5. g5 Nh5 6. d4 e6 7. Nc3 d5 8. Bd2 a6 9. Nge2 Bg7 10. O-O-O hxg5 11. hxg5 Qxg5 12. e4 Qf6 13. Qg2 Nxd4 14. Bg5 Nxe2+ 15. Bxe2 Bh6 16. Bxh6 Rxh6 17. Bxh5 Rxh5 18. Rxh5 gxh5 19. Qg8+ Kd7 20. exd5 e5 21. d6 cxd6 22. Nd5 Qxf2 23. Qf8 Kc6 24. Qe8+ {[%emt 0:32:47] Kxd5} 1-0

[Event "VIII Lorca Open-A 2019"]
[Site "Lorca"]
[Date "2019.12.30"]
[Round "8.13"]
[White "Peng, Li Min"]
[Black "Romero Pallares, Daniel"]
[Result "1-0"]
[ECO "E71"]
[WhiteElo "2451"]
[BlackElo "2177"]
[Annotator "ChessBase"]
[PlyCount "55"]
[EventDate "2019.12.26"]
[EventType "swiss"]
[EventCountry "ESP"]
[SourceTitle "playchess.com"]
[Source "ChessBase"]
[SourceQuality "1"]
[TimeControl "5400+30"]

1. d4 Nf6 2. c4 g6 3. Nc3 Bg7 4. e4 d6 5. h3 O-O 6. Be3 Na6 7. g4 c5 8. Nge2 cxd4 9. Nxd4 b6 10. g5 Ne8 11. h4 Bd7 12. Qd2 Nec7 13. O-O-O Nc5 14. f3 a6 15. h5 b5 16. Qh2 Re8 17. hxg6 hxg6 18. Rd2 b4 19. Nd1 a5 20. Qh7+ Kf8 21. Nf5 gxf5 22. exf5 Bxf5 23. Qxf5 Qc8 24. Qh7 Qe6 25. Rh6 f6 26. Rg6 Qf7 27. gxf6 exf6 28. Rxg7 1-0

[Event "VIII Lorca Open-A 2019"]
[Site "Lorca"]
[Date "2019.12.30"]
[Round "8.14"]
[White "Real De Azua, Ernesto"]
[Black "Balaji Sekar"]
[Result "1-0"]
[ECO "B53"]
[WhiteElo "2450"]
[BlackElo "1189"]
[Annotator "ChessBase"]
[PlyCount "44"]
[EventDate "2019.12.26"]
[EventType "swiss"]
[EventCountry "ESP"]
[SourceTitle "playchess.com"]
[Source "ChessBase"]
[SourceQuality "1"]
[TimeControl "5400+30"]

1. e4 c5 2. Nf3 d6 3. d4 cxd4 4. Qxd4 Nf6 5. Be2 Nc6 6. Qe3 g6 7. O-O Bg7 8. c4 O-O 9. Nc3 Be6 10. Rb1 Ng4 11. Qd2 Nge5 12. b3 Nxf3+ 13. Bxf3 Qa5 14. Nd5 Qxd2 15. Bxd2 Bxd5 16. exd5 Nd4 17. Be4 Ne2+ 18. Kh1 Nc3 19. Rbe1 Bf6 20. Bd3 Nxa2 21. Ra1 Nc3 22. Rac1 Rfe8 1-0

[Event "VIII Lorca Open-A 2019"]
[Site "Lorca"]
[Date "2019.12.30"]
[Round "8.15"]
[White "Merario Alarcon, Andres"]
[Black "Arias Igual, Alejandro"]
[Result "1-0"]
[ECO "A57"]
[WhiteElo "2417"]
[BlackElo "2208"]
[Annotator "NA RC"]
[PlyCount "93"]
[EventDate "2019.12.26"]
[EventType "swiss"]
[EventCountry "ESP"]
[SourceTitle "playchess.com"]
[Source "ChessBase"]
[SourceQuality "1"]
[TimeControl "5400+30"]

1. d4 Nf6 2. c4 c5 3. d5 b5 4. cxb5 a6 5. e3 g6 6. Nc3 Bg7 7. e4 d6 8. Nf3 O-O 9. a4 e6 10. dxe6 {[%emt 0:00:30] A57: Benko/Volga Gambit} Bxe6 11. Be3 Qa5 12. Bd2 Qc7 13. Be2 axb5 {[%emt 0:00:30] [#]} 14. axb5 $146 ({Predecessor:} 14. Bxb5 Qb7 15. O-O Nxe4 16. Nxe4 Qxe4 17. Ng5 Qf5 18. Nxe6 fxe6 {1-0 (25) So,W (2719)-Altschuler,J (2051) Lubbock 2013}) 14... Bb3 $1 15. Qc1 ({Of course not} 15. Rxa8 Bxd1 16. Bxd1 Qb7 $17) 15... Rxa1 16. Qxa1 Bc2 17. e5 dxe5 18. Qc1 Bb3 19. O-O Nbd7 20. Bg5 Be6 21. Be3 c4 22. Rd1 Ng4 {[%emt 0:00:30] [#]} (22... Rb8 $16) 23. Ng5 $1 e4 24. Bf4 Qb6 25. Ncxe4 Bf5 26. h3 Nge5 27. Be3 Qxb5 28. Nd6 Qb3 29. Nxf5 ({Much worse is} 29. Bxc4 $6 Nxc4 30. Nxf5 gxf5 $11) 29... gxf5 $16 30. Bd4 h6 31. Nf3 Re8 32. Nd2 Qa4 33. Nf1 Nd3 34. Bxd3 Bxd4 35. Bc2 Qa7 36. Qd2 Bxb2 37. Qxd7 Qxd7 38. Rxd7 f4 39. Rc7 c3 40. Bb3 Rf8 41. Nh2 Kg7 42. Nf3 Kf6 43. Kf1 Kf5 44. Ke2 f6 45. Rc5+ Kg6 46. Nh4+ Kh7 47. Rc7+ 1-0

[Event "VIII Lorca Open-A 2019"]
[Site "Lorca"]
[Date "2019.12.30"]
[Round "9.2"]
[White "Marin, Mihail"]
[Black "Grigoryan, Karen H."]
[Result "1/2-1/2"]
[ECO "E62"]
[WhiteElo "2496"]
[BlackElo "2621"]
[Annotator "ChessBase"]
[PlyCount "42"]
[EventDate "2019.12.26"]
[EventType "swiss"]
[EventCountry "ESP"]
[SourceTitle "playchess.com"]
[Source "ChessBase"]
[SourceQuality "1"]
[TimeControl "5400+30"]

1. c4 g6 2. g3 Bg7 3. Bg2 Nf6 4. Nc3 O-O 5. d4 d6 6. Nf3 c6 7. O-O Qb6 8. h3 Qa6 9. b3 b5 10. cxb5 cxb5 11. Bb2 Bb7 12. Ne1 Bxg2 13. Nxg2 b4 14. Na4 Nbd7 15. Ne3 d5 16. Nc2 Rab8 17. Ne1 h5 18. Qd3 Qe6 19. Kg2 Ne4 20. Nf3 f5 21. Bc1 Ndc5 1/2-1/2

[Event "VIII Lorca Open-A 2019"]
[Site "Lorca"]
[Date "2019.12.30"]
[Round "9.3"]
[White "Krysa, Leandro"]
[Black "Sadzikowski, Daniel"]
[Result "1/2-1/2"]
[ECO "A13"]
[WhiteElo "2527"]
[BlackElo "2504"]
[Annotator "ChessBase"]
[PlyCount "37"]
[EventDate "2019.12.26"]
[EventType "swiss"]
[EventCountry "ESP"]
[SourceTitle "playchess.com"]
[Source "ChessBase"]
[SourceQuality "1"]
[TimeControl "5400+30"]

1. c4 e6 2. Nc3 d5 3. e3 Nf6 4. Nf3 Be7 5. b3 O-O 6. Bb2 dxc4 7. bxc4 c5 8. d4 cxd4 9. exd4 b6 10. Bd3 Bb7 11. O-O Nbd7 12. Re1 Re8 13. Qe2 Nf8 14. Ne5 Ng6 15. Qe3 Qc7 16. Nb5 Qc8 17. Nc3 Qc7 18. Nb5 Qc8 19. Nc3 1/2-1/2

[Event "VIII Lorca Open-A 2019"]
[Site "Lorca"]
[Date "2019.12.30"]
[Round "9.4"]
[White "Narciso Dublan, Marc"]
[Black "Sosa, Tomas"]
[Result "1/2-1/2"]
[ECO "B26"]
[WhiteElo "2516"]
[BlackElo "2520"]
[Annotator "ChessBase"]
[PlyCount "30"]
[EventDate "2019.12.26"]
[EventType "swiss"]
[EventCountry "ESP"]
[SourceTitle "playchess.com"]
[Source "ChessBase"]
[SourceQuality "1"]
[TimeControl "5400+30"]

1. e4 c5 2. Nc3 g6 3. g3 Bg7 4. Bg2 Nc6 5. d3 d6 6. Be3 Rb8 7. Qd2 e6 8. Nf3 e5 9. O-O Nge7 10. Bh6 O-O 11. Bxg7 Kxg7 12. Nh4 Be6 13. f4 exf4 14. gxf4 f5 15. Rae1 Nd4 1/2-1/2

[Event "VIII Lorca Open-A 2019"]
[Site "Lorca"]
[Date "2019.12.30"]
[Round "9.5"]
[White "Low, Zhen Yu Cyrus"]
[Black "Klekowski, Maciej"]
[Result "0-1"]
[ECO "B46"]
[WhiteElo "2420"]
[BlackElo "2514"]
[Annotator "ChessBase"]
[PlyCount "58"]
[EventDate "2019.12.26"]
[EventType "swiss"]
[EventCountry "ESP"]
[SourceTitle "playchess.com"]
[Source "ChessBase"]
[SourceQuality "1"]
[TimeControl "5400+30"]

1. e4 c5 2. Nf3 Nc6 3. d4 cxd4 4. Nxd4 e6 5. Nc3 a6 6. Nxc6 bxc6 7. Bd3 d5 8. O-O Nf6 9. Qe2 Be7 10. b3 Qc7 11. Bb2 O-O 12. Na4 c5 13. e5 Nd7 14. c4 d4 15. Rae1 Bb7 16. f4 g6 17. Bc1 Bh4 18. Rd1 Rae8 19. Nb2 f5 20. exf6 Nxf6 21. Qc2 e5 22. fxe5 Ng4 23. Qe2 Bf2+ 24. Kh1 Bxg2+ 25. Kxg2 Ne3+ 26. Bxe3 Qb7+ 27. Kh3 Rf3+ 28. Kg4 h5+ 29. Kg5 Rxe5+ 0-1

[Event "VIII Lorca Open-A 2019"]
[Site "Lorca"]
[Date "2019.12.30"]
[Round "9.7"]
[White "Lopez Martinez, Josep Manuel"]
[Black "Plaskett, H James"]
[Result "*"]
[ECO "E14"]
[WhiteElo "2561"]
[BlackElo "2419"]
[Annotator "ChessBase"]
[PlyCount "28"]
[EventDate "2019.12.26"]
[EventType "swiss"]
[EventCountry "ESP"]
[SourceTitle "playchess.com"]
[Source "ChessBase"]
[SourceQuality "1"]
[TimeControl "5400+30"]

1. d4 d5 2. c4 e6 3. Nf3 Nf6 4. e3 Be7 5. b3 O-O 6. Bd3 b6 7. O-O Bb7 8. Bb2 Nbd7 9. Nc3 c5 10. cxd5 Nxd5 11. Nxd5 Bxd5 12. Qe2 cxd4 13. Nxd4 Bf6 14. Bb5 Nc5 *

[Event "VIII Lorca Open-A 2019"]
[Site "Lorca"]
[Date "2019.12.30"]
[Round "9.7"]
[White "Maiorov, Nikita"]
[Black "Kiselev, Pavel"]
[Result "1-0"]
[ECO "E14"]
[WhiteElo "2523"]
[BlackElo "2303"]
[Annotator "RC"]
[PlyCount "73"]
[EventDate "2019.12.26"]
[EventType "swiss"]
[EventCountry "ESP"]
[SourceTitle "playchess.com"]
[Source "ChessBase"]
[SourceQuality "1"]
[TimeControl "5400+30"]

1. d4 d5 2. c4 e6 3. Nf3 Nf6 4. e3 Be7 5. b3 O-O 6. Bd3 b6 7. O-O Bb7 8. Bb2 Nbd7 9. Nc3 c5 10. cxd5 Nxd5 11. Nxd5 Bxd5 12. Qe2 cxd4 13. Nxd4 Bf6 14. Bb5 Nc5 15. Rad1 Qc7 16. b4 a6 17. Bc4 Bxc4 18. Qxc4 Rfc8 19. bxc5 bxc5 20. Nxe6 fxe6 21. Bxf6 gxf6 22. Qxe6+ Qf7 23. Qg4+ Qg6 24. Qc4+ Qf7 25. Rd5 Rab8 26. a3 Rc6 27. Rfd1 Qe6 28. h3 Rd6 29. Qxc5 Rxd5 30. Qxd5 Qxd5 31. Rxd5 Rb6 32. Kh2 Kg7 33. Kg3 Kg6 34. Ra5 Rc6 35. f3 Rb6 36. e4 Rc6 37. Kg4 1-0

[Event "VIII Lorca Open-A 2019"]
[Site "Lorca"]
[Date "2019.12.30"]
[Round "9.8"]
[White "Maiorov, Nikita"]
[Black "Kiselev, Pavel"]
[Result "*"]
[ECO "A57"]
[WhiteElo "2523"]
[BlackElo "2303"]
[Annotator "ChessBase"]
[PlyCount "30"]
[EventDate "2019.12.26"]
[EventType "swiss"]
[EventCountry "ESP"]
[SourceTitle "playchess.com"]
[Source "ChessBase"]
[SourceQuality "1"]
[TimeControl "5400+30"]

1. d4 c5 2. d5 Nf6 3. c4 b5 4. cxb5 a6 5. e3 axb5 6. Bxb5 Qa5+ 7. Nc3 Ba6 8. Bxa6 Nxa6 9. Nf3 g6 10. O-O d6 11. e4 Nd7 12. Bf4 Bg7 13. Qd2 O-O 14. Bh6 Nc7 15. Bxg7 Kxg7 *

[Event "VIII Lorca Open-A 2019"]
[Site "Lorca"]
[Date "2019.12.30"]
[Round "9.9"]
[White "Holm, Kristian Stuvik"]
[Black "Merario Alarcon, Andres"]
[Result "1/2-1/2"]
[ECO "D46"]
[WhiteElo "2489"]
[BlackElo "2417"]
[Annotator "ChessBase"]
[PlyCount "38"]
[EventDate "2019.12.26"]
[EventType "swiss"]
[EventCountry "ESP"]
[SourceTitle "playchess.com"]
[Source "ChessBase"]
[SourceQuality "1"]
[TimeControl "5400+30"]

1. d4 d5 2. c4 e6 3. Nf3 Nf6 4. Nc3 c6 5. e3 Nbd7 6. Qc2 Bd6 7. Bd3 O-O 8. O-O e5 9. cxd5 cxd5 10. e4 exd4 11. Nxd5 Nxd5 12. exd5 h6 13. Nxd4 Qh4 14. Nf3 Qh5 15. Bh7+ Kh8 16. Qf5 Qxf5 17. Bxf5 Nf6 18. Bc2 b6 19. Rd1 Bb7 1/2-1/2

[Event "VIII Lorca Open-A 2019"]
[Site "Lorca"]
[Date "2019.12.30"]
[Round "9.10"]
[White "Villanueva, Mario"]
[Black "Pogorelov, Ruslan"]
[Result "0-1"]
[ECO "B82"]
[WhiteElo "2486"]
[BlackElo "2377"]
[Annotator "ChessBase"]
[PlyCount "63"]
[EventDate "2019.12.26"]
[EventType "swiss"]
[EventCountry "ESP"]
[SourceTitle "playchess.com"]
[Source "ChessBase"]
[SourceQuality "1"]
[TimeControl "5400+30"]

1. e4 c5 2. Nf3 e6 3. d4 cxd4 4. Nxd4 a6 5. Nc3 Qc7 6. Bd3 Nf6 7. f4 d6 8. Be3 Nbd7 9. g4 Nc5 10. g5 Nfd7 11. Rc1 b5 12. b4 Nxd3+ 13. cxd3 Qb7 14. f5 Ne5 15. O-O Be7 16. fxe6 Bxe6 17. Nxe6 fxe6 18. Qh5+ g6 19. Qh3 Qd7 20. Ne2 Nf7 21. Nd4 Nxg5 22. Qh6 Nf7 23. Qg7 Rf8 24. Qxh7 e5 25. Nc6 Rc8 26. Nxe7 Rxc1 27. Bxc1 Qg4+ 28. Kh1 Qe2 29. Qh3 Kxe7 30. Kg1 Rh8 31. Qg3 Rh5 32. h4 0-1

[Event "VIII Lorca Open-A 2019"]
[Site "Lorca"]
[Date "2019.12.30"]
[Round "9.11"]
[White "Malovanyi, Yulian"]
[Black "Gascon Del Nogal, Jose Rafael"]
[Result "0-1"]
[ECO "B00"]
[WhiteElo "2360"]
[BlackElo "2475"]
[Annotator "ChessBase"]
[PlyCount "95"]
[EventDate "2019.12.26"]
[EventType "swiss"]
[EventCountry "ESP"]
[SourceTitle "playchess.com"]
[Source "ChessBase"]
[SourceQuality "1"]
[TimeControl "5400+30"]

1. e4 Nc6 2. Nf3 d6 3. d4 Nf6 4. Nc3 Bg4 5. Be3 g6 6. Be2 Bg7 7. d5 Bxf3 8. gxf3 Nb8 9. Qd2 c6 10. O-O-O Qa5 11. Kb1 Nbd7 12. h4 Rc8 13. Rhg1 a6 14. Rg5 h6 15. Rgg1 cxd5 16. Nxd5 Qxd2 17. Rxd2 Nxd5 18. Rxd5 h5 19. Rdd1 Bf6 20. Rh1 Nc5 21. c3 O-O 22. Rdg1 Kh7 23. Bd1 b5 24. Bc2 Rfe8 25. f4 e5 26. fxe5 dxe5 27. Bxc5 Rxc5 28. Bb3 Rc7 29. Rd1 Rd8 30. Rxd8 Bxd8 31. Bd5 Kg7 32. Kc2 Rd7 33. Kd3 Rd6 34. Ke2 Rb6 35. Kf3 b4 36. cxb4 Rxb4 37. b3 Rd4 38. Ke2 Ba5 39. Rd1 Rxd1 40. Kxd1 Bd8 41. b4 Bxh4 42. Ke2 Bd8 43. Bb7 a5 44. bxa5 Bxa5 45. Bc8 Kf6 46. Kf3 Kg5 47. Kg3 Be1 48. a4 0-1

[Event "VIII Lorca Open-A 2019"]
[Site "Lorca"]
[Date "2019.12.30"]
[Round "9.12"]
[White "Bobadilla Viera, Jorge Samuel"]
[Black "Peng, Li Min"]
[Result "0-1"]
[ECO "C08"]
[WhiteElo "2339"]
[BlackElo "2451"]
[Annotator "ChessBase"]
[PlyCount "60"]
[EventDate "2019.12.26"]
[EventType "swiss"]
[EventCountry "ESP"]
[SourceTitle "playchess.com"]
[Source "ChessBase"]
[SourceQuality "1"]
[TimeControl "5400+30"]

1. e4 e6 2. d4 d5 3. Nd2 c5 4. Ngf3 Nc6 5. exd5 exd5 6. Be2 Nf6 7. O-O cxd4 8. Nb3 Bd6 9. Bg5 h6 10. Bh4 O-O 11. Nbxd4 g5 12. Bg3 Bc5 13. Nxc6 bxc6 14. c4 Ne4 15. cxd5 cxd5 16. Be5 g4 17. Nd2 Nxf2 18. Rxf2 Bxf2+ 19. Kxf2 Qb6+ 20. Kf1 Re8 21. Bc3 Rxe2 22. Kxe2 Ba6+ 23. Nc4 Bxc4+ 24. Kd2 h5 25. Kc2 Re8 26. Qd4 Re2+ 27. Kd1 Qxd4+ 28. Bxd4 Rxg2 29. b3 Bd3 30. Be5 f6 0-1